 Dungeon Crawl Stone Soup version 0.18-a0-1197-g8004e50 (webtiles) character file.

317 Shaidar413 the Ruffian (level 6, -1/61 HPs)
             Began as a Troll Berserker on Jan 30, 2016.
             Was a Priest of Trog.
             Killed from afar by nublet's ghost (23 damage)
             ... with a flame tongue
             ... on level 4 of the Dungeon.
             The game lasted 00:10:10 (2455 turns).

Shaidar413 the Ruffian (Troll Berserker)            Turns: 2455, Time: 00:10:10

Health: -1/61      AC:  5    Str: 28    XL:     6   Next: 20%
Magic:  5/5        EV: 11    Int:  3    God:    Trog [***...]
Gold:   210        SH:  0    Dex:  9    Spells: 0 memorised, 5 levels left

rFire  . . .     SeeInvis .       - Unarmed
rCold  . . .     Gourm    +     a - +0 animal skin
rNeg   . . .     Faith    .     (no shield)
rPois  .         Spirit   .     (helmet restricted)
rElec  .         Dismiss  .     (no cloak)
rCorr  .         Reflect  .     (gloves unavailable)
SustAt .         Harm     .     (boots unavailable)
MR     .....                    (no amulet)
Stlth  +.........               (no ring)
                                (no ring)

@: lethally poisoned (-1 -> -3), not resistant to hostile enchantments, very
unstealthy
A: unfitting armour, claws 3, fast metabolism 3, gourmand, regeneration 2,
shaggy fur 1, tough skin 2
a: Berserk, Trog's Hand, Burn Spellbooks, Renounce Religion


You were on level 4 of the Dungeon.
You worshipped Trog.
Trog was most pleased with you.
You were not hungry.

You visited 1 branch of the dungeon, and saw 4 of its levels.

You collected 210 gold pieces.

Inventory:

Armour
 a - a +0 animal skin (worn)
Wands
 d - a wand of random effects (10/48)
 n - a wand of flame (5/48)
Scrolls
 f - 2 scrolls of remove curse
 h - 2 scrolls of teleportation
 j - a scroll of immolation
 o - a scroll of random uselessness {unknown}
 s - 2 scrolls of enchant weapon
 u - a scroll of recharging {unknown}
Potions
 c - a potion of invisibility {unknown}
 e - 2 potions of agility
 l - a potion of flight {unknown}
 m - a potion of beneficial mutation {unknown}
 p - a potion of brilliance {unknown}
 q - a potion of berserk rage {unknown}
 r - a potion of ambrosia {unknown}
 t - a potion of haste {unknown}
Comestibles
 b - 2 bread rations
 g - a royal jelly
 i - a meat ration
 k - 3 fruits


   Skills:
 + Level 3.4 Fighting
 + Level 4.3 Dodging
 + Level 0.7 Stealth
 + Level 4.3 Unarmed Combat


You had 5 spell levels left.
You didn't know any spells.

Dungeon Overview and Level Annotations

Branches:
Dungeon (4/15)
 Temple: D:4-7

Altars:
Ashenzari
Nemelex Xobeh
Zin

Annotations:
D:4 nublet's ghost, novice CeFE


Innate Abilities, Weirdness & Mutations

You are too large for most types of armour.
You have claws for hands.
Your metabolism is lightning-fast.
You like to eat raw meat.
You heal very quickly.
You are covered in fur (AC +1).
You have very tough skin (AC +2).


Message History

You scratch nublet's ghost.
Nublet's ghost is heavily damaged.
You feel sick.
Nublet's ghost hits you but does no damage.
You barely miss nublet's ghost.
Nublet's ghost is heavily damaged.
You feel sick. Nublet's ghost casts a spell at you.
The flame tongue misses you.
You closely miss nublet's ghost.
Nublet's ghost is heavily damaged.
You feel sick.
Nublet's ghost gestures at you while chanting.
The flame tongue hits you!
You completely miss nublet's ghost.
Nublet's ghost is heavily damaged.
Nublet's ghost shrieks, "There is no future for me!"
Nublet's ghost points at you and mumbles some strange words.
The flame tongue hits you!
You die...

#.##..# #.###.## #.#
#..# ### #.# ##.# ..#
#.# #.#
#.##############.## #.#
#.................# #.#
#####.##########..###.#
#.#
#.....@...#.#########
#.#
#.####W.#.#..........
#.# #..#.#..########
#.# #..#.##.## #.#
#........# #.#
#..#.###.######### #.#
#.# ...#..............
#.# #.#
#.#######.######## #.#
#.# #. #.#


You could see nublet's ghost.

Vanquished Creatures
  An ogre (D:4)
  A hound (D:4)
  Terence (D:3)
  Natasha (twice) (D:3)
  6 adders
  2 oozes (D:1)
  A giant gecko (D:1)
  2 orcs (D:4)
  9 bats
  6 giant cockroaches
  14 goblins
  5 hobgoblins
  10 kobolds
  4 giant newts
  11 rats
75 creatures vanquished.

Vanquished Creatures (others)
  3 fungi (D:4)
3 creatures vanquished.

Grand Total: 78 creatures vanquished

Notes
Turn   | Place    | Note
--------------------------------------------------------------
     0 | D:1      | Shaidar413 the Troll Berserker began the quest for the Orb.
     0 | D:1      | Reached XP level 1. HP: 22/22 MP: 0/0
   104 | D:1      | Reached XP level 2. HP: 29/29 MP: 1/1
   618 | D:1      | Reached XP level 3. HP: 36/36 MP: 2/2
   818 | D:2      | Reached ** piety under Trog
   864 | D:2      | Reached XP level 4. HP: 41/45 MP: 3/3
  1495 | D:3      | Found a sparkling altar of Nemelex Xobeh.
  1559 | D:3      | Noticed Terence
  1569 | D:3      | Killed Terence
  1668 | D:3      | Reached XP level 5. HP: 48/53 MP: 4/4
  1699 | D:3      | Found a shattered altar of Ashenzari.
  1910 | D:3      | Noticed Natasha
  1920 | D:3      | Killed Natasha
  1925 | D:3      | Reached *** piety under Trog
  2066 | D:3      | Noticed Natasha
  2072 | D:3      | Killed Natasha
  2072 | D:3      | Reached skill level 4 in Unarmed Combat
  2129 | D:3      | Found a glowing silver altar of Zin.
  2366 | D:4      | Noticed an ogre
  2375 | D:4      | Killed an ogre
  2375 | D:4      | Reached XP level 6. HP: 29/61 MP: 5/5
  2445 | D:4      | Noticed nublet's ghost (novice CeFE)
  2455 | D:4      | Killed from afar by nublet's ghost

Vault maps used:
D:1:      lightli_arrival_noodles
D:2:      kennysheep_six_static_rooms, corexii_corridor_pit
D:3:      zin_statuary, lemuel_round_altar, evilmike_ruin_ashenzari,
          kennysheep_another_room, grunt_ministairs_12, uniq_natasha,
          uniq_terence
D:4:      minmay_temple_entry_overgrown, first_bread, serial_aquarium,
          aquarium_bridge_square, aquarium_window_1, aquarium_window_1,
          aquarium_window_corner, aquarium_view_2c, aquarium_pool_split,
          makhleb_altar_promises_db

Action                   |  1- 3 |  4- 6 || total
-------------------------+-------+-------++-------
Melee: Unarmed           |    98 |   145 ||   243
Invok: Berserk           |       |     1 ||     1
  Use: Scroll            |     2 |     4 ||     6
  Eat: Chunk             |     5 |    19 ||    24
